 Dungeon Crawl Stone Soup version 0.28.0-45-g0d030f2227 (webtiles) character file.

Game seed: 7743177647195157040

47 bobregger the Cudgeller (level 3, -7/39 HPs)
             Began as an Ogre Berserker on Apr 22, 2022.
             Was a Follower of Trog.
             Killed from afar by Sigmund (8 damage)
             ... with a puff of flame
             ... on level 2 of the Dungeon.
             The game lasted 00:01:39 (1504 turns).

bobregger the Cudgeller (Ogre Berserker)            Turns: 1504, Time: 00:01:41

Health: -7/39      AC:  3    Str: 23    XL:     3   Next: 70%
Magic:  3/3        EV: 10    Int:  8    God:    Trog [*.....]
Gold:   55         SH:  0    Dex:  8    Spells: 2/2 levels left

rFire   . . .      SeeInvis .   h - +0 flail
rCold   + . .      Faith    .   (no shield)
rNeg    . . .      Spirit   .   b - +0 animal skin
rPois   .          Reflect  .   (helmet restricted)
rElec   .          Harm     .   (no cloak)
rCorr   .          Rampage  .   (gloves unavailable)
Will    .....                   (boots unavailable)
Stlth   +.........              (no amulet)
HPRegen 0.13/turn               g - ring of protection from cold
MPRegen 0.08/turn               (no ring)

@: confused, on berserk cooldown, slowed, very slow
A: large, unfitting armour, tough skin 1
a: Renounce Religion, Berserk


You were on level 2 of the Dungeon.
You worshipped Trog.
Trog was aware of your devotion.
You visited 1 branch of the dungeon, and saw 2 of its levels.

You collected 55 gold pieces.

Inventory:

Hand Weapons
 h - a +0 flail (weapon)
Armour
 b - a +0 animal skin (worn)
Jewellery
 g - a ring of protection from cold (left hand)
Scrolls
 e - a scroll of teleportation {unknown}
 i - a scroll of immolation {unknown}
 j - a scroll of identify {unknown}
Potions
 a - a potion of lignification {unknown}
 c - 3 potions of curing {unknown}
 d - a potion of haste {unknown}
 f - a potion of degeneration {unknown}


   Skills:
 - Level 4.0 Fighting
 + Level 4.1 Maces & Flails
 - Level 2.6 Dodging


You had 2 spell levels left.
You didn't know any spells.
Your spell library was empty.

Dungeon Overview and Level Annotations

Branches:
Dungeon (2/15)

Altars:

Shops:
D:2 ?

Annotations:
D:2 Sigmund


Innate Abilities, Weirdness & Mutations

You are too large for most types of armour.
You have tough skin. (AC +1)


Message History

Sigmund closely misses you.
A red film seems to cover your vision as you go berserk!
You feel yourself moving faster!
You feel mighty!
Sigmund hits you from afar with a +0 scythe!
You feel a strong urge to attack something.
You barely miss Sigmund. Sigmund hits you with a +0 scythe!
You closely miss Sigmund. You sock Sigmund!
Sigmund is moderately wounded.
Sigmund hits you with a +0 scythe!
You hit Sigmund.
Sigmund is heavily wounded.
You sock Sigmund!
Sigmund is severely wounded.
Sigmund hits you with a +0 scythe!
* * * LOW HITPOINT WARNING * * *
You barely miss Sigmund.
Sigmund is severely wounded.
You closely miss Sigmund.
Sigmund is severely wounded.
Sigmund casts a spell.
Sigmund flickers and vanishes!
Deactivating autopickup; reactivate with Ctrl-A.
You barely miss something. Something hits you!
* * * LOW HITPOINT WARNING * * *
You barely miss something. You miss something. Something hits you.
* * * LOW HITPOINT WARNING * * *
You sock something!
You are no longer berserk.
You are exhausted.
You feel yourself slow down.
You closely miss something. Something hits you but does no damage.
You miss something.
You hear some strange, mumbled words.
You are confused.
You hear some strange, mumbled words.
A puff of flame appears from out of thin air!
The puff of flame hits you!
You die...

#. #. #.##### #####
#...... ..... #.#.#.#
##### #.###.#.#.#
#######
#...(.#.#.#######......
#..{@................
#.#...#.#.##.#.......
#...#....#.########
#...###..#.........
...... ...#########.
...<#.####.# #.
.......# .# #. .....###
.# #. ##


There were no monsters in sight!

Vanquished Creatures
  A gnoll (D:1)
  An adder (D:2)
  2 ball pythons
  2 bats
  2 endoplasms (D:1)
  A giant cockroach (D:1)
  3 goblins (D:1)
  2 hobgoblins (D:1)
  5 quokkas
  2 kobolds (D:1)
  5 rats
26 creatures vanquished.

Vanquished Creatures (others)
  A fungus (D:1)
1 creature vanquished.

Grand Total: 27 creatures vanquished

Notes
Turn   | Place    | Note
-------+----------+-------------------------------------------
     0 | D:1      | bobregger the Ogre Berserker began the quest for the Orb.
     0 | D:1      | Reached XP level 1. HP: 24/24 MP: 1/1
   219 | D:1      | Reached XP level 2. HP: 26/32 MP: 2/2
   835 | D:1      | Reached XP level 3. HP: 32/39 MP: 3/3
   956 | D:1      | Found a faded altar of an unknown god.
  1199 | D:2      | Found Xoiw's Magic Scroll Shop.
  1485 | D:2      | Noticed Sigmund
  1501 | D:2      | HP: 1/58 [something (5)]
  1504 | D:2      | Killed from afar by Sigmund

Illustrated notes

Levels and vault maps discovered:
D:1:      minmay_arrival_pointy, layout_basic,
          shapermc_ecumenical_altar_rom_forum, minmay_quantized
D:2:      layout_basic, serial_shops, shop, uniq_sigmund

Skill      XL: |  1  2  3 |
---------------+----------+-----
Maces & Flails | 3 4 |  4.1
Fighting       | |  4.0
Dodging        | |  2.6

Action                   || total
-------------------------++-------
Melee: Mace              ||    52
       Flail             ||    60
Invok: Berserk           ||     1
Armor: Animal skin       ||    54
Dodge: Dodged            ||    73
